 Dungeon Crawl Stone Soup version 0.25.1-2-g60ff931df9 (webtiles) character file.

Game seed: 6246553934503084344

65838 DearestLeader the Earth Mage (level 15, -4/72 HPs)
             Began as a Gargoyle Earth Elementalist on Oct 27, 2020.
             Was a High Priest of Vehumet.
             Killed from afar by an ogre mage (36 damage)
             ... with a crystal spear
             ... on level 2 of the Orcish Mines on Oct 28, 2020.
             The game lasted 01:19:00 (26561 turns).

DearestLeader the Earth Mage (GrEE)                Turns: 26561, Time: 01:19:01

Health: -4/72      AC: 24    Str: 14    XL:     15   Next: 17%
Magic:  2/31       EV: 12    Int: 20    God:    Vehumet [*****.]
Gold:   1874       SH:  0    Dex: 10    Spells: 11/39 levels left

rFire    . . .     SeeInvis .   e - staff of earth
rCold    . . .     Gourm    .   (no shield)
rNeg     + . .     Faith    .   o - +2 steam dragon scales
rPois    ∞         Spirit   .   W - +0 helmet
rElec    +         Reflect  .   y - +0 cloak
rCorr    .         Harm     .   H - +0 pair of gloves
MR       +....                  F - +2 pair of boots
Stlth    ++........             T - amulet of magic regeneration
HPRegen  0.22/turn              I - ring of wizardry
MPRegen  0.47/turn              h - ring of wizardry

@: flying
A: big wings, negative energy resistance 1, electricity resistance, unbreathing,
petrification resistance, rot immunity, AC +11
a: Stop Flying, Renounce Religion


You were on level 2 of the Orcish Mines.
You worshipped Vehumet.
Vehumet was extremely pleased with you.
You were very hungry.

You visited 3 branches of the dungeon, and saw 22 of its levels.
You also visited: Sewer.

You collected 1874 gold pieces.

Inventory:

Hand Weapons
 G - a +1 whip of electrocution
Missiles
 b - 318 stones (quivered)
Armour
 o - +2 steam dragon scales (worn)
 y - a +0 cloak (worn)
 F - a +2 pair of boots (worn)
 H - a +0 pair of gloves (worn)
 L - a +1 robe of fire resistance
 W - a +0 helmet (worn)
 Y - a +2 robe of cold resistance
Magical Staves
 e - an uncursed staff of earth (weapon)
 M - an uncursed staff of wizardry
Jewellery
 a - an uncursed ring of fire
 h - a ring of wizardry (right hand)
 I - a ring of wizardry (left hand)
 T - an amulet of magic regeneration (around neck)
 V - an uncursed amulet of faith {unknown}
 X - an uncursed ring of ice
Wands
 c - a wand of digging (3)
 w - a wand of disintegration (52)
 C - a wand of iceblast (30)
 D - a wand of paralysis (11)
 P - a wand of clouds (6)
 U - a wand of enslavement (6)
 Z - a wand of acid (17)
Scrolls
 g - 11 scrolls of teleportation
 i - 3 scrolls of fear
 k - a scroll of enchant weapon {unknown}
 q - 5 scrolls of blinking
 r - a scroll of magic mapping
 s - 8 scrolls of fog
 u - 2 scrolls of summoning
 v - 16 scrolls of remove curse
 x - 2 scrolls of amnesia {unknown}
 z - a scroll of immolation {unknown}
 B - 3 scrolls of enchant armour
 J - a scroll of acquirement {unknown}
 O - a scroll of silence {unknown}
 S - 2 scrolls of torment {unknown}
Potions
 f - 5 potions of ambrosia
 j - 2 potions of haste
 l - 2 potions of might {unknown}
 m - a potion of brilliance {unknown}
 n - a potion of degeneration {unknown}
 p - 4 potions of magic
 t - 2 potions of curing
 A - 2 potions of flight {unknown}
 E - a potion of cancellation {unknown}
 N - 3 potions of lignification {unknown}
 Q - 3 potions of mutation {unknown}
Comestibles
 d - 22 rations
 K - 3 chunks of flesh


   Skills:
 - Level 1.5 Dodging
 - Level 2.1 Stealth
 + Level 12.5 Spellcasting
 * Level 14.8 Conjurations
 - Level 5.5 Hexes
 - Level 3.0 Transmutations
 - Level 3.2 Fire Magic
 + Level 17.7 Earth Magic
 * Level 3.1 Evocations


You had 11 spell levels left.
You knew the following spells:

 Your Spells              Type           Power        Failure   Level  Hunger
a - Sandblast             Erth           ######       0%          1    None
b - Passwall              Tmut/Erth      ######..     1%          2    None
c - Stone Arrow           Conj/Erth      ######       0%          3    None
d - Lee's Rapid Deconstr  Erth           #######...   1%          5    ####...
e - Petrify               Tmut/Erth      ######..     1%          4    None
f - Fulminant Prism       Conj/Hex       ######....   1%          4    None
g - Inner Flame           Hex/Fire       ####....     1%          3    None
h - Iron Shot             Conj/Erth      #######...   1%          6    #####..

Your spell library contained the following spells:

 Spells                   Type           Power        Failure   Level  Hunger
 Ozocubu's Refrigeration  Ice            ##........   56%         6    #####..
 Magic Dart               Conj           ####         0%          1    None
 Searing Ray              Conj           ######       0%          2    None
 Animate Skeleton         Necr           N/A          1%          1    None
 Apportation              Tloc           ##....       1%          1    None
 Corona                   Hex            ####...      1%          1    None
 Infusion                 Chrm           ##..         1%          1    None
 Summon Small Mammal      Summ           ##..         1%          1    None
 Dazzling Flash           Conj/Hex       ######       1%          3    None
 Spectral Weapon          Hex/Chrm       ###.....     1%          3    None
 Iskenderun's Mystic Bla  Conj/Tloc      #####...     1%          4    None
 Shroud of Golubria       Chrm/Tloc      ##....       2%          2    None
 Song of Slaying          Chrm           ##......     2%          2    None
 Ozocubu's Armour         Chrm/Ice       ##......     4%          3    None


Dungeon Overview and Level Annotations

Branches:
Dungeon (14/15)            Temple (0/1) D:5            Lair (6/6) D:8
  Swamp (0/4) Lair:3        Snake (0/4) Lair:3        Slime (0/5) Lair:5
    Orc (2/2) D:9             Elf (0/3) Orc:2        Vaults (0/5) D:13
  Sewer (visited)

Altars:
Dithmenos
Makhleb
Nemelex Xobeh
Okawaru
Qazlal
Vehumet
Xom
Yredelemnul

Shops:
D:4 }   D:10 =   D:12 *   Orc:2 (*

Portals:
Abyss: Lair:2
Trove: D:14 (give +2 gold dragon scales)
Gauntlet: Orc:2

Annotations:
D:13 Nessos, Urug
Lair:2 2 transporters, Reosoewu's ghost, journeyman GrFi


Innate Abilities, Weirdness & Mutations

You are resistant to torment.
Your stone body is resilient. (AC +11)
You are immune to poison.
Your large and strong wings let you fly indefinitely.
You resist negative energy. (rN+)
You are resistant to electric shocks. (rElec)
You can survive without breathing.
You are immune to petrification.
You are immune to rotting.


Message History

Casting: Stone Arrow (safe; 0% risk of failure)
Confirm with . or Enter, or press ? or * to list all spells.
Aiming: Stone Arrow (safe; 0% risk of failure)
Press: ? - help, Shift-Dir - straight line, f/p - ogre mage
Aim: an ogre mage, wielding a +0 spear and wearing a +0 robe (heavily wounded)
You feel a surge of power!
The stone arrow misses the ogre mage.
The ogre mage misses you. The ogre mage barely misses you.
An ogre comes into view. It is wielding a +0 giant club.
The ogre shouts!
You hear a shout!
You hear two shouts!
An ogre comes into view. It is wielding a +0 giant club.
The ogre mage hits you but does no damage.
The gnoll shouts!
You hit the ogre mage but do no damage. You crush the ogre mage!
The ogre mage is severely wounded.
You hear the loud beating of a drum nearby.
The ogre mage points at you and mumbles some strange words.
The crystal spear hits you!!!
Ouch! That really hurt!
You die...

###........### *##......###**,,.,
#.#........#.####.........##..∩.,
.............#...<.......)......,
.....)..........................,
..)))...#..........###..........,
....#####..........##...........,
))..####........)######......g..,
.....##.$...).......#<#.........*
....$##.....÷)).@O....g.........,
..)..........##.................,
...).........#..............#,,,,
............##.#...........#*,*,,
##.........######.......####***,,
*#....$..### #.........# **,
*##.....## ###...#O..# *,,
##.....# #.#..O.## **, ##...##
###..∩..#** **


You could see an ogre mage, 2 ogres and a gnoll.

Vanquished Creatures
  Gastronok (Lair:1)
  An orc warlord (Orc:1)
  An ettin (Orc:1)
  Josephine (Lair:4)
  Harold (D:8)
  An ogre mage (Orc:2)
  6 hydras
  Fannar (Lair:2)
  2 centaur warriors (D:9)
  12 death yaks
  A catoblepas (Lair:6)
  2 two-headed ogres
  A deep troll shaman (Lair:6)
  An orc high priest (Orc:1)
  Nergalle (Lair:1)
  An unseen horror (D:10)
  An orc knight (Orc:2)
  A lindwurm (Lair:6)
  3 ugly things
  An orc sorcerer (Orc:2)
  A manticore (D:11)
  A centaur zombie (D:11)
  Joseph (Lair:1)
  3 elephants (Lair:6)
  3 black mambas
  Psyche (D:8)
  11 spiny frogs
  A torpor snail (Lair:4)
  7 komodo dragons
  Maggie (D:6)
  2 rime drakes
  3 kobold demonologists (D:12)
  6 trolls
  3 polar bears (Lair:1)
  35 blink frogs
  4 dream sheep (Lair:4)
  8 hippogriffs
  2 bog bodies (Lair:3)
  A shadow (D:11)
  29 yaks
  3 wraiths (Lair:4)
  A human (D:8)
  4 hogs (D:8)
  Grum (D:9)
  3 nagas (Lair:3)
  A warg (Orc:1)
  13 water moccasins
  7 porcupines
  16 orc warriors
  An ice beast (D:7)
  6 sky beasts
  4 black bears
  4 phantoms
  An eye of draining (D:9)
  11 ogres
  3 centaurs
  22 wolves
  8 crocodiles
  A big kobold (D:12)
  A gnoll sergeant (D:11)
  11 bullfrogs
  A wyvern skeleton (D:8)
  3 scorpions
  A water moccasin skeleton (D:6)
  15 killer bees
  2 howler monkeys
  8 wights
  3 crimson imps
  2 bullfrog zombies
  10 hounds
  2 quasits (D:6)
  17 orc priests
  Crazy Yiuf (D:4)
  2 centaur skeletons
  Jessica (D:3)
  2 iguanas
  22 orc wizards
  7 worker ants
  A statue (D:5)
  A hound skeleton (D:6)
  A worker ant zombie (D:8)
  9 gnolls
  14 adders
  7 river rats
  A shadow imp (D:8)
  An adder zombie (D:7)
  3 worms (D:3)
  A dart slug (D:1)
  92 orcs
  13 ball pythons
  8 bats
  A giant cockroach (D:1)
  11 goblins
  5 hobgoblins
  6 jackals
  8 quokkas
  7 frilled lizards
  2 gnoll zombies (D:8)
  7 kobolds
  A quokka skeleton (D:6)
  24 rats
  A butterfly (Lair:5)
  A fungus (Lair:5)
  A plant (Lair:6)
611 creatures vanquished.

Vanquished Creatures (others)
  A human (D:12)
  18 fulminant prisms
  7 fungi
  4 plants
30 creatures vanquished.

Grand Total: 641 creatures vanquished

Notes
Turn   | Place    | Note
-------+----------+-------------------------------------------
     0 | D:1      | DearestLeader the Gargoyle Earth Elementalist began the
                  | quest for the Orb.
     0 | D:1      | Reached XP level 1. HP: 10/10 MP: 3/3
    52 | D:1      | Reached skill level 4 in Earth Magic
   240 | D:1      | Reached XP level 2. HP: 6/15 MP: 3/5
   738 | D:1      | Learned a level 2 spell: Passwall
  1047 | D:2      | Reached skill level 5 in Earth Magic
  1047 | D:2      | Reached XP level 3. HP: 19/19 MP: 4/6
  1052 | D:2      | Learned a level 3 spell: Stone Arrow
  1858 | D:3      | Noticed Jessica
  1864 | D:3      | Killed Jessica
  1864 | D:3      | Reached skill level 1 in Conjurations
  1864 | D:3      | Reached XP level 4. HP: 24/24 MP: 3/7
  2268 | D:3      | Reached skill level 6 in Earth Magic
  2270 | D:3      | Found a glowing drain.
  2279 | Sewer    | Entered a sewer
  2375 | Sewer    | Reached XP level 5. HP: 26/28 MP: 5/8
  2946 | Sewer    | Reached skill level 7 in Earth Magic
  2946 | Sewer    | Reached XP level 6. HP: 10/32 MP: 1/9
  3452 | D:3      | Found a burning altar of Makhleb.
  3777 | D:3      | Found a sparkling altar of Nemelex Xobeh.
  3990 | D:4      | Reached skill level 8 in Earth Magic
  3990 | D:4      | Reached XP level 7. HP: 30/36 MP: 7/10
  4270 | D:4      | Found a shimmering altar of Xom.
  4314 | D:4      | Found a shadowy altar of Dithmenos.
  4327 | D:4      | Reached skill level 9 in Earth Magic
  4334 | D:4      | Learned a level 5 spell: Lee's Rapid Deconstruction
  4500 | D:4      | Found Fietzeem's Gadget Shop.
  4540 | D:4      | Found a runed translucent door.
  4541 | D:4      | Noticed Crazy Yiuf
  4684 | D:4      | Killed Crazy Yiuf
  4765 | D:5      | Entered Level 5 of the Dungeon
  4841 | D:5      | Found a radiant altar of Vehumet.
  4846 | D:5      | Reached XP level 8. HP: 41/41 MP: 9/13
  4849 | D:5      | Became a worshipper of Vehumet
  5092 | D:5      | Reached skill level 10 in Earth Magic
  5322 | D:5      | Found a stormy altar of Qazlal.
  5516 | D:5      | Found a staircase to the Ecumenical Temple.
  5781 | D:6      | Noticed Maggie
  5794 | D:6      | Killed Maggie
  5794 | D:6      | Reached skill level 11 in Earth Magic
  6125 | D:6      | Reached skill level 5 in Spellcasting
  6137 | D:6      | Reached XP level 9. HP: 44/45 MP: 4/16
  6750 | D:7      | Reached skill level 12 in Earth Magic
  7006 | D:7      | Reached * piety under Vehumet
  7006 | D:7      | Offered knowledge of Magic Dart by Vehumet.
  7305 | D:7      | Reached skill level 13 in Earth Magic
  7807 | D:7      | Learned a level 4 spell: Petrify
  7886 | D:8      | Reached XP level 10. HP: 50/50 MP: 9/19
  7978 | D:8      | Reached skill level 5 in Conjurations
  8121 | D:8      | Noticed Harold
  8136 | D:8      | Killed Harold
  8179 | D:8      | Reached skill level 14 in Earth Magic
  8607 | D:8      | Found a staircase to the Lair.
  8776 | D:8      | Found a basalt altar of Yredelemnul.
  8882 | D:8      | Noticed Psyche
  8884 | D:8      | Killed Psyche
  9200 | D:9      | Found an iron altar of Okawaru.
  9323 | D:9      | Reached ** piety under Vehumet
  9323 | D:9      | Offered knowledge of Foxfire by Vehumet.
  9445 | D:9      | Found a staircase to the Orcish Mines.
  9658 | D:9      | Noticed a centaur warrior
  9668 | D:9      | Killed a centaur warrior
  9668 | D:9      | Offered knowledge of Ignite Poison by Vehumet.
  9668 | D:9      | Reached XP level 11. HP: 31/54 MP: 7/22
  9721 | D:9      | Noticed a centaur warrior
  9812 | D:9      | Killed a centaur warrior
  9866 | D:9      | Learned a level 4 spell: Fulminant Prism
 10279 | D:9      | Reached *** piety under Vehumet
 10421 | D:9      | Noticed Grum
 10441 | D:9      | Reached skill level 15 in Earth Magic
 10454 | D:9      | Killed Grum
 10830 | D:10     | Entered Level 10 of the Dungeon
 11053 | D:10     | Killed an unseen horror
 11381 | D:10     | Offered knowledge of Inner Flame by Vehumet.
 11786 | D:10     | Found Qiwywk's Jewellery Shop.
 11989 | D:10     | Learned a level 3 spell: Inner Flame
 12377 | D:11     | Reached skill level 1 in Fire Magic
 12460 | D:11     | You fall into a shaft and drop 3 floors!
 12482 | D:14     | Found a portal to a secret trove of treasure.
 12519 | D:13     | Found a gate to the Vaults.
 12519 | D:13     | Noticed Nessos
 12519 | D:13     | Noticed an eight-headed hydra
 12519 | D:13     | Noticed a two-headed ogre
 12519 | D:13     | Noticed Urug
 12522 | D:12     | Noticed a red ugly thing
 12530 | D:12     | Killed a red ugly thing
 12530 | D:12     | Reached skill level 1 in Hexes
 12765 | D:11     | Noticed a two-headed ogre
 12772 | D:11     | Killed a two-headed ogre
 12774 | D:11     | Reached **** piety under Vehumet
 12774 | D:11     | Noticed a manticore
 12787 | D:11     | Killed a manticore
 12955 | D:11     | Offered knowledge of Olgreb's Toxic Radiance by Vehumet.
 13305 | D:11     | Reached XP level 12. HP: 59/59 MP: 8/24
 14035 | D:11     | You fall into a shaft and drop 1 floor!
 14035 | D:12     | Found Sugrurriss's General Store.
 14036 | D:12     | Noticed a death yak
 14050 | D:12     | Reached ***** piety under Vehumet
 14050 | D:12     | Offered knowledge of Iron Shot by Vehumet.
 14080 | D:11     | Learned a level 6 spell: Iron Shot
 14240 | Lair:1   | Entered Level 1 of the Lair of Beasts
 14267 | Lair:1   | Noticed Gastronok
 14267 | Lair:1   | Noticed a four-headed hydra
 14284 | Lair:1   | Killed a four-headed hydra
 14306 | Lair:1   | Killed Gastronok
 14306 | Lair:1   | Reached skill level 10 in Conjurations
 14306 | Lair:1   | Reached skill level 5 in Hexes
 14675 | Lair:1   | Noticed an ice dragon
 14733 | Lair:1   | Noticed Joseph
 14766 | Lair:1   | Killed Joseph
 14805 | Lair:1   | Reached skill level 16 in Earth Magic
 15231 | Lair:1   | Noticed Nergalle
 15410 | Lair:1   | Killed Nergalle
 16167 | Lair:2   | Noticed a five-headed hydra
 16176 | Lair:2   | Noticed Fannar
 16299 | Lair:2   | Noticed a four-headed hydra
 16324 | Lair:1   | Killed a four-headed hydra
 16500 | Lair:2   | Reached XP level 13. HP: 48/63 MP: 12/26
 16597 | Lair:2   | Found a transporter.
 16880 | Lair:2   | Reached skill level 10 in Spellcasting
 17315 | Lair:2   | Found a transporter.
 17322 | Lair:2   | Found a one-way gate to the infinite horrors of the Abyss.
 17322 | Lair:2   | Noticed Reosoewu's ghost (journeyman GrFi)
 17534 | Lair:2   | Identified the +5 short sword of Conscience {distort, rElec
                  | Int+4}
 17544 | Lair:2   | Got a wizard robe
 17554 | Lair:2   | Identified the +2 robe of the Evil One {rElec rPois Str+4}
                  | (You found it on level 2 of the Lair of Beasts)
 17565 | Lair:2   | Noticed a rakshasa
 17700 | Lair:2   | Killed Fannar
 18115 | Lair:3   | Found a staircase to the Snake Pit.
 18784 | Lair:3   | Found a staircase to the Swamp.
 20429 | Lair:4   | Noticed Josephine
 20455 | Lair:4   | Killed Josephine
 20991 | Lair:4   | Gained mutation: Your large and strong wings let you fly
                  | indefinitely. [Gargoyle growth]
 20991 | Lair:4   | Reached XP level 14. HP: 68/68 MP: 19/29
 20994 | Lair:4   | Reached skill level 17 in Earth Magic
 21978 | Lair:5   | Found a staircase to the Slime Pits.
 22127 | Lair:6   | Entered Level 6 of the Lair of Beasts
 22217 | Lair:6   | Offered knowledge of Lightning Bolt by Vehumet.
 23612 | Lair:6   | Reached skill level 1 in Transmutations
 25233 | Orc:1    | Entered Level 1 of the Orcish Mines
 25248 | Orc:1    | Offered knowledge of Ozocubu's Refrigeration by Vehumet.
 25261 | Orc:1    | Reached skill level 1 in Evocations
 25502 | Orc:1    | Reached XP level 15. HP: 65/72 MP: 2/31
 25978 | Orc:1    | Noticed an orc warlord
 26009 | Orc:1    | Killed an orc warlord
 26410 | Orc:2    | Entered Level 2 of the Orcish Mines
 26420 | Orc:2    | Found Viom's Assorted Antiques.
 26442 | Orc:2    | Found Joips's Antique Weapon Shop.
 26498 | Orc:2    | Found a gate leading to a gauntlet.
 26561 | Orc:2    | Killed from afar by an ogre mage

Illustrated notes

Levels and vault maps discovered:
D:1:      elethiomel_arrival_shortcut, layout_rooms
D:2:      layout_loops_ring, first_ration
D:3:      cheibrodos_pilgrimage, layout_basic, lightli_temple_of_fire,
          cheibrodos_sewer_entry_sluice, nemelex_spade_bored_becter,
          uniq_jessica
D:4:      layout_rooms, xom_teletrap_fun, serial_shops,
          nicolae_shop_behind_doors, nicolae_dithmenos_through_a_glass_darkly,
          uniq_crazy_yiuf_cottage
D:5:      layout_cave_pools, vehumet_statue, kennysheep_mini,
          minmay_temple_entry_glassed_door
D:6:      layout_rooms, minmay_misc_feat_doors, uniq_maggie
D:7:      layout_basic
D:8:      layout_loops_ring, lemuel_zombie_altar_yredelemnul, lair_entry_dummy,
          grunt_livestock, grunt_ministairs_14, uniq_psyche, uniq_harold
D:9:      kennysheep_blocky_room, layout_cave_pods,
          nicolae_overflow_crystal_walls, hiddenorc2_lemuel, uniq_grum
D:10:     layout_basic, serial_shops, nicolae_shop_trees
D:11:     layout_long_grid
D:12:     slaughterhouse, layout_basic, serial_shops, shop_fountains,
          basic_altar, nrook_guardian_serpent_ordinary, uniq_rupert
D:13:     layout_basic, david_vaults_3, jiyva_altar_1, uniq_azrael
D:14:     layout_basic, chequers_serial_rivers_small_b, serial_shops,
          shop_statue, enter_trove_1
Lair:1:   dragon1_lemuel, layout_layer_cave, cheibrodos_lair_lostbears,
          uniq_gastronok, uniq_nergalle, uniq_joseph
Lair:2:   layout_small_grid, gammafunk_ghost_abyssal_escape, uniq_fannar
Lair:3:   layout_regular_city, skrybe_swamp_entry_bodies,
          minmay_snake_entry_guardpost_small, grunt_megastairs_5
Lair:4:   layout_hall_layers, uniq_josephine
Lair:5:   layout_roguey, dpeg_slime_entry_corner, lemuel_fruit_fields
Lair:6:   grunt_lair_end_beastmaster, layout_misc_corridors,
          chequers_serial_rivers_marsh
Orc:1:    layout_diamond_mine
Orc:2:    st_orc_ogre_mass, layout_diamond_mine, serial_shops, shop,
          nicolae_shop_trees, nicolae_shop_trees, nicolae_shop_waterfront,
          gauntlet_entry_generic, uniq_donald

Skill      XL: |  1  2  3  4  5  6  7  8  9 10 11 12 13 14 15 |
---------------+----------------------------------------------+-----
Earth Magic    | 4 5 6 7 8 9 11 13 14 15 16 17 | 17.7
Conjurations   | 1 2 3 4 7 9 11 13 14 | 14.8
Spellcasting   | 3 5 6 7 8 9 11 12 | 12.5
Fire Magic     | 3 |  3.2
Hexes          | 3 5 |  5.5
Transmutations | 3 |  3.0
Evocations     | 1 3 |  3.1
Dodging        | |  1.5
Stealth        | |  2.1

Action                   |  1- 3 |  4- 6 |  7- 9 | 10-12 | 13-15 || total
-------------------------+-------+-------+-------+-------+-------++-------
Melee: Dagger            |   118 |   172 |    60 |       |       ||   350
       Unarmed           |     2 |       |       |       |       ||     2
       Quarterstaff      |       |       |    67 |       |       ||    67
       Whip              |       |       |    18 |   198 |     7 ||   223
       Staff             |       |       |       |   115 |    52 ||   167
Throw: Stone             |       |       |       |       |     1 ||     1
 Cast: Sandblast         |     9 |    65 |    38 |    58 |   126 ||   296
       Stone Arrow       |       |       |    33 |   141 |   255 ||   429
       Lee's Rapid Decon |       |       |     5 |    59 |   104 ||   168
       Fulminant Prism   |       |       |       |     8 |    10 ||    18
       Petrify           |       |       |       |     9 |    38 ||    47
       Passwall          |       |       |       |     1 |       ||     1
       Inner Flame       |       |       |       |     5 |    15 ||    20
       Iron Shot         |       |       |       |     2 |    18 ||    20
 Abil: Fly               |       |       |       |       |     1 ||     1
Evoke: Wand              |       |       |       |     5 |       ||     5
  Use: Scroll            |     4 |     2 |       |    12 |     6 ||    24
       Potion            |       |     1 |     1 |       |     3 ||     5
 Stab: Sleeping          |     3 |     1 |     3 |     2 |       ||     9
       Paralysed         |       |       |     3 |       |       ||     3
  Eat: Chunk             |     3 |     8 |    16 |    31 |    35 ||    93
       Ration            |       |       |       |     4 |     6 ||    10
Armor: Robe              |    33 |    84 |    24 |       |       ||   141
       Steam dragon scal |       |       |    53 |   367 |   246 ||   666
Dodge: Dodged            |    89 |   180 |   102 |   387 |   256 ||  1014
